 Dungeon Crawl Stone Soup version 0.30-b1-2-g02819fbbbe (webtiles) character file.

Game seed: 14650421751603048562

192600 kolakolka the Bludgeoner (level 17, -2/184 HPs)
             Began as a Troll Gladiator on Dec 1, 2023.
             Was the Champion of Okawaru.
             Slain by an ettin
             ... wielding a +0 dire flail
              (18 damage)
             ... on level 1 of the Depths.
             The game lasted 01:47:50 (27180 turns).

kolakolka the Bludgeoner (Troll Gladiator)         Turns: 27180, Time: 01:47:51

Health: -2/184     AC: 20    Str: 45    XL:     17   Next: 61%
Magic:  17/17      EV:  7    Int:  6    God:    Okawaru [******]
Gold:   1443       SH: 20    Dex: 11    Spells: 16/16 levels left

rFire   + + .        r - +7 sceptre of Torment {pain, torment}
rCold   + + .        g - +5 Storm Queen's Shield {shock, Fly rElec}
rNeg    + . .        N - +0 gold dragon scales of Fashionability {rPois rF+ rC+ rN+ Str+3}
rPois   +            c - +2 hat
rElec   +            T - scarf {rC+ rF+}
rCorr   .            (gloves unavailable)
SInv    .            (boots unavailable)
Will    +....        j - amulet of reflection Stlth
                     h - +6 ring of strength
HPRegen 1.30/turn    K - +6 ring of strength
MPRegen 0.15/turn

%: reflection
@: flying
A: large, unfitting armour, claws 3, regeneration 1, shaggy fur 1, tough skin 1
}: 1/15 runes: barnacled
a: Renounce Religion, Heroism, Finesse, Duel


You were on level 1 of the Depths.
You worshipped Okawaru.
Okawaru was exalted by your worship.
You visited 5 branches of the dungeon, and saw 27 of its levels.
You also visited: Ice Cave.

You collected 3954 gold pieces.
You spent 2511 gold pieces at shops.

Inventory:

Hand Weapons
 r - the +7 sceptre of Torment (weapon) {pain, torment}
   (Okawaru gifted it to you on level 2 of the Shoals)
 t - a +1 morningstar of protection
 Z - a +6 giant spiked club of venom
Missiles
 E - 35 large rocks (quivered)
 H - 6 boomerangs of dispersal
 J - 12 javelins
 Q - 24 boomerangs
 V - a throwing net
Armour
 c - a +2 hat (worn)
 d - a +3 troll leather armour {Snorg}
 g - the +5 Storm Queen's Shield (worn) {shock, Fly rElec}
   (You bought it in a shop on level 2 of the Orcish Mines)

   Shock:     When it blocks an attack, it may electrocute the attacker.
   This works even against foes who are a short distance away.
   rElec:     It insulates you from electricity.
   Fly:       It grants you flight.
 p - the +2 hat of the Last Beggars {Harm rPois}
   (Okawaru gifted it to you on level 4 of the Shoals)

   rPois:     It protects you from poison.
   Harm:      It increases damage dealt and taken.
 N - the +0 gold dragon scales of Fashionability (worn) {rPois rF+ rC+ rN+ Str+3}
   (Okawaru gifted it to you on level 12 of the Dungeon)

   Str:       It affects your strength (+3).
   rF:        It protects you from fire.
   rC:        It protects you from cold.
   rPois:     It protects you from poison.
   rN:        It protects you from negative energy.
 T - a scarf of resistance (worn)
Jewellery
 e - a ring of resist corrosion
 f - a ring of protection from fire
 h - a +6 ring of strength (left claw)
 j - an amulet of reflection (around neck)
 q - a ring of protection from cold
 y - an amulet of faith
 G - a +5 ring of evasion
 K - a +6 ring of strength (right claw)
 M - a ring of poison resistance
Wands
 a - a wand of quicksilver (3)
 A - a wand of roots (10)
 B - a wand of flame (57)
 I - a wand of digging (23)
 O - a wand of polymorph (14)
Scrolls
 b - 4 scrolls of fog
 k - 19 scrolls of teleportation
 v - a scroll of enchant weapon
 P - a scroll of fear
 R - 9 scrolls of identify
 S - 2 scrolls of enchant armour
 Y - a scroll of magic mapping
Potions
 i - 7 potions of mutation
 l - a potion of resistance
 m - 2 potions of brilliance
 n - 8 potions of curing
 o - 4 potions of lignification
 u - 2 potions of might
 w - a potion of heal wounds
 x - 3 potions of flight
 z - 3 potions of ambrosia
 C - 2 potions of haste
 D - 6 potions of invisibility
 L - 3 potions of berserk rage
 U - a potion of cancellation {unknown}
 W - 5 potions of attraction
Miscellaneous
 s - a condenser vane
 F - a phial of floods


   Skills:
 * Level 15.4 Fighting
 + Level 17.6 Maces & Flails
 + Level 7.6 Throwing
 + Level 9.1 Armour
 + Level 7.3 Dodging
 + Level 1.8 Stealth
 + Level 9.5 Shields
 * Level 4.6 Necromancy
 + Level 2.4 Invocations


You had 16 spell levels left.
You didn't know any spells.
Your spell library contained the following spells:

 Spells                   Type           Power      Damage    Failure   Level
 Sublimation of Blood     Necr           5%         N/A       83%         2
 Kiss of Death            Conj/Necr      8%         2d6       95%         1
 Beastly Appendage        Tmut           0%         N/A       100%        1
 Magic Dart               Conj           0%         1d3       100%        1
 Shock                    Conj/Air       0%         1d3       100%        1
 Poisonous Vapours        Pois/Air       0%         N/A       100%        2
 Searing Ray              Conj           0%         2d4       100%        2
 Static Discharge         Conj/Air       0%         2-2/arc   100%        2
 Wereblood                Tmut           0%         N/A       100%        2
 Confusing Touch          Hex            0%         N/A       100%        3
 Frozen Ramparts          Ice            0%         1d1       100%        3
 Gell's Gravitas          Tloc           0%         N/A       100%        3
 Mephitic Cloud           Conj/Pois/Air  0%         N/A       100%        3
 Ozocubu's Armour         Ice            0%         N/A       100%        3
 Spider Form              Tmut/Pois      0%         N/A       100%        3
 Swiftness                Air            0%         N/A       100%        3
 Teleport Other           Tloc           0%         N/A       100%        3
 Airstrike                Air            0%         2d(0-16)  100%        4
 Dispel Undead            Necr           5%         3d7       100%        4
 Fulminant Prism          Conj/Hex       0%         3d5       100%        4
 Olgreb's Toxic Radiance  Pois           0%         N/A       100%        4
 Passage of Golubria      Tloc           0%         N/A       100%        4
 Petrify                  Tmut/Erth      0%         N/A       100%        4
 Freezing Cloud           Conj/Ice/Air   0%         6-21      100%        5
 Irradiate                Conj/Tmut      0%         3d11      100%        5
 Metabolic Englaciation   Hex/Ice        0%         N/A       100%        5
 Silence                  Hex/Air        0%         N/A       100%        5
 Dispersal                Tloc           0%         N/A       100%        6
 Ozocubu's Refrigeration  Ice            0%         4d7       100%        7
 Discord                  Hex            0%         N/A       100%        8
 Ignition                 Fire           0%         3d3       100%        8
 Lehudib's Crystal Spear  Conj/Erth      0%         10d2      100%        8
 Polar Vortex             Ice            0%         N/A       100%        9
 Summon Lightning Spire   Summ/Air       Unusable   N/A       N/A         4
 Simulacrum               Ice/Necr       Unusable   N/A       N/A         6

Dungeon Overview and Level Annotations

Branches:
Dungeon (15/15)            Temple (0/1) D:7            Lair (5/5) D:8
 Shoals (4/4) Lair:3       Spider (0/4) Lair:2        Slime (0/5) Lair:5
    Orc (2/2) D:10            Elf (0/3) Orc:2        Vaults (0/5) D:13
 Depths (1/4) D:15          IceCv (visited)

Altars:
Ashenzari
Dithmenos
Elyvilon
Fedhas
Gozag
Nemelex Xobeh
Okawaru
Qazlal
Ru
Sif Muna
Uskayaw
Wu Jian
Yredelemnul
The Shining One
Jiyva

Shops:
D:2 =   D:3 =:**   D:11 :   D:15 :   Orc:2 [(=*   Shoals:1 !   Shoals:2 [

Portals:
Hell: Depths:1
Ziggurat: Depths:1

Annotations:
D:3 3 runed translucent doors, diceflayer's ghost, amateur DsGl
D:4 1 runed translucent door, Crazy Yiuf


Innate Abilities, Weirdness & Mutations

You are too large for most types of armour.
You have claws for hands.
Your natural rate of healing is unusually fast.
You are covered in fur. (AC +1)
You have tough skin. (AC +1)


Message History

The stone giant attacks as you move away!
The stone giant closely misses you. The spark wasp barely misses you.
The spark wasp attacks as you move away!
You block the spark wasp's attack. You block the spark wasp's attack.
You closely miss the spark wasp.
The spark wasp is severely wounded.
You block the spark wasp's attack.
You flatten the spark wasp like a pancake!!!
You kill the spark wasp!
Okawaru accepts your kill. Okawaru grants you throwing weapons!
Something appears at your feet!
Throw: 36 large rocks
Press: ? - help, Q - select action, (/) - cycle Shift-Dir - straight line, f - stone giant
Aim: a stone giant, quivering large rocks (91% to hit)
You throw a large rock. The large rock hits the stone giant!!
The stone giant is moderately wounded.
You hit the stone giant.
The stone giant writhes in agony.
The stone giant is moderately wounded.
You block the stone giant's attack.
You sock the stone giant!
The stone giant convulses!
The ettin convulses! x2
The stone giant is severely wounded.
The stone giant hits you!
* * * LOW HITPOINT WARNING * * *
You puncture the stone giant!
The stone giant writhes in agony.
The stone giant is almost dead.
The stone giant hits you but does no damage.
You sock the stone giant!
You kill the stone giant!
Okawaru accepts your kill.
You spit the ettin like a pig!!!
You kill the ettin!
Okawaru accepts your kill.
You thump the ettin!
The ettin writhes in agony.
The ettin is severely wounded.
The ettin hits you with a +0 dire flail!!
* * * LOW HITPOINT WARNING * * *
The ettin hits you with a +0 dire flail!!
You die...

.......#+#....'..##.
#####..#......##.#..
##.#.......+.#.. #
#.#....#######C .#
###.####.##..#†## .#
#.'....##..##.#..##?
####..(# ##....# ...
##...###C(##.#..#
#.).###@#.##..# ##
####.###.'##....##..
#.)†.#...#..#.##..#
#######.####......##.#..#
.........# #....##....##
. .........#
#.####..##.#..#
.........#### #.#.##..#
.≈≈~≈≈....## ###....##
≈###~#≈≈...# ##..#.##..#


You could see an ettin.

Vanquished Creatures
  A storm dragon (Shoals:4)
  A tengu reaver (Depths:1)
  Kirke (Lair:3)
  Donald (Shoals:1)
  A fire giant (Depths:1)
  2 orc warlords
  4 very ugly things (Depths:1)
  2 stone giants (Depths:1)
  7 spark wasps (Depths:1)
  2 merfolk javelineers (Shoals:4)
  A fire dragon (Depths:1)
  Snorg (D:10)
  4 ettins
  12 merfolk impalers
  3 ice dragons
  2 rakshasas
  A spriggan zombie (D:15)
  7 hydras
  8 vault guards (D:13)
  A spriggan air mage (Depths:1)
  An ogre mage (D:12)
  9 merfolk aquamancers
  9 centaur warriors
  2 merfolk avatars
  2 two-headed ogres
  3 catoblepae (Lair:5)
  2 ironbound frosthearts (IceCv)
  3 boulder beetles
  2 satyrs
  A death knight (D:12)
  9 death yaks
  2 deep troll shamans (Depths:1)
  Nergalle (D:10)
  Urug (D:10)
  Sonja (Lair:1)
  4 tengu warriors
  A vampire mage (D:15)
  3 orc high priests (Orc:2)
  Amaemon (Lair:1)
  A deep troll earth mage (Depths:1)
  4 skysharks
  4 skeletal warriors
  9 sea snakes
  2 deep trolls (Depths:1)
  An orb spider (Lair:2)
  A lindwurm (Lair:4)
  Pikel (D:7)
  4 harpies (Shoals:2)
  2 oklob plants (Lair:3)
  A necromancer (D:15)
  2 orc knights
  4 deep elf pyromancers
  14 ugly things
  2 wizards
  A fire giant zombie (D:15)
  5 orc sorcerers
  6 manticores
  5 fauns
  9 cyclopes
  3 elephants (Lair:5)
  An ice statue (IceCv)
  A guardian serpent (shapeshifter) (D:12)
  5 black mambas
  4 merfolk sirens
  An orange demon (Lair:1)
  A frost giant skeleton (D:15)
  6 water nymphs
  2 gargoyles
  6 rime drakes
  11 cane toads
  3 unseen horrors
  11 komodo dragons
  A freezing wraith (D:12)
  3 kobold demonologists
  A yaktaur (shapeshifter) (D:14)
  3 tengu conjurers
  18 merfolk
  8 trolls
  15 polar bears
  A meliai (shapeshifter) (D:15)
  A hornet (D:7)
  14 wind drakes
  11 dream sheep (Lair:5)
  19 blink frogs
  6 snapping turtles
  Grinder (D:6)
  9 air elementals (Shoals:4)
  29 water elementals
  7 slime creatures
  A wraith (D:10)
  2 centaur simulacra (D:11)
  6 wyverns
  100 yaks
  A vampire (D:9)
  3 hogs (Lair:3)
  5 steam dragons
  9 basilisks
  2 wargs (Orc:2)
  A human zombie (D:15)
  4 acid dragons
  21 water moccasins
  4 ice beasts
  2 black bears
  27 orc warriors
  7 ogres
  22 wolves
  A phantom (D:5)
  15 centaurs
  4 kobold brigands
  Blork the orc (D:6)
  16 bullfrogs
  2 gnoll sergeants
  5 necrophages (Lair:4)
  3 scorpions
  8 wights (D:7)
  6 killer bees (D:8)
  2 howler monkeys
  4 electric eels
  3 hounds
  5 orc priests
  2 gnoll boudas
  A jelly (D:6)
  Ijyb (D:3)
  2 sleepcaps
  2 iguanas
  12 orc wizards
  4 hell rats (Lair:5)
  Robin (D:4)
  11 adders
  25 gnolls
  A shadow imp (D:6)
  4 white imps
  6 ufetubi
  A worm (D:2)
  5 dart slugs
  64 orcs
  3 ball pythons
  8 bats
  11 endoplasms
  5 giant cockroaches
  23 goblins
  7 hobgoblins
  4 jackals (D:4)
  6 quokkas
  2 frilled lizards (D:1)
  22 kobolds
  13 rats
937 creatures vanquished.

Vanquished Creatures (others)
  A kobold (D:7)
  36 fungi
  83 plants
  5 withered plants (D:15)
125 creatures vanquished.

Grand Total: 1062 creatures vanquished

Notes
Turn   | Place    | Note
-------+----------+-------------------------------------------
     0 | D:1      | kolakolka the Troll Gladiator began the quest for the Orb.
     0 | D:1      | Reached XP level 1. HP: 19/19 MP: 0/0
   111 | D:1      | Reached XP level 2. HP: 27/27 MP: 1/1
   122 | D:1      | Found a faded altar of an unknown god.
   133 | D:1      | Prayed at the altar of an unknown god.
   133 | D:1      | Became a worshipper of Warmaster Okawaru
   133 | D:1      | Reached * piety under Okawaru
   389 | D:1      | Reached skill level 3 in Maces & Flails
   479 | D:1      | Reached XP level 3. HP: 33/33 MP: 2/2
   852 | D:2      | Found Funa Dyt's Jewellery Shoppe.
  1013 | D:2      | Reached XP level 4. HP: 37/42 MP: 3/3
  1122 | D:2      | Reached skill level 4 in Maces & Flails
  1354 | D:3      | Reached ** piety under Okawaru
  1358 | D:3      | Reached XP level 5. HP: 49/49 MP: 4/4
  1385 | D:3      | Found a runed translucent gate.
  1386 | D:3      | Found a runed translucent gate.
  1387 | D:3      | Found an opulent altar of Gozag.
  1387 | D:3      | Found a runed translucent gate.
  1388 | D:3      | Noticed diceflayer's ghost (amateur DsGl)
  1399 | D:3      | Noticed Ijyb
  1445 | D:3      | Killed Ijyb
  1476 | D:3      | Found Yxoemp's Assorted Antiques.
  1486 | D:3      | Bought a scroll labelled AFIUPN JEEVEITYM for 28 gold
                  | pieces
  1486 | D:3      | Bought a scroll labelled ZETZECK SIUQU for 28 gold pieces
  1486 | D:3      | Bought a grey potion for 25 gold pieces
  1486 | D:3      | Bought a cyan potion for 25 gold pieces
  1595 | D:3      | Found Vaos's Assorted Antiques.
  1639 | D:3      | Found Ulewobic's Book Shoppe.
  1679 | D:3      | Found Acoreh's Jewellery Emporium.
  1977 | D:3      | Reached XP level 6. HP: 59/59 MP: 5/5
  2294 | D:4      | Found a broken altar of Ashenzari.
  2306 | D:4      | Reached skill level 5 in Maces & Flails
  2344 | D:4      | Reached XP level 7. HP: 51/67 MP: 6/6
  2427 | D:4      | Found a basalt altar of Yredelemnul.
  2427 | D:4      | Found a sacrificial altar of Ru.
  2544 | D:4      | Found a runed translucent door.
  2545 | D:4      | Noticed Crazy Yiuf
  2601 | D:4      | Reached *** piety under Okawaru
  2654 | D:4      | Noticed Robin
  2673 | D:4      | Killed Robin
  3089 | D:5      | Entered Level 5 of the Dungeon
  3104 | D:5      | Reached skill level 6 in Maces & Flails
  3104 | D:5      | Reached XP level 8. HP: 70/79 MP: 7/7
  3144 | D:5      | Reached skill level 1 in Shields
  3147 | D:5      | Reached skill level 1 in Stealth
  3790 | D:5      | Reached **** piety under Okawaru
  3791 | D:5      | Reached skill level 5 in Fighting
  4107 | D:6      | Noticed Blork the orc
  4118 | D:6      | Killed Blork the orc
  4153 | D:6      | Noticed Grinder
  4165 | D:6      | Paralysed by Grinder for 3 turns
  4252 | D:6      | Reached skill level 7 in Maces & Flails
  4252 | D:6      | Reached XP level 9. HP: 88/88 MP: 8/8
  4267 | D:6      | Killed Grinder
  4319 | D:6      | Noticed a gargoyle
  4322 | D:6      | Killed a gargoyle
  4323 | D:6      | Reached skill level 5 in Dodging
  4473 | D:6      | Reached ***** piety under Okawaru
  4724 | D:7      | Noticed Pikel
  4745 | D:7      | Killed Pikel
  4746 | D:7      | Reached skill level 8 in Maces & Flails
  4817 | D:7      | Noticed a kobold demonologist
  4829 | D:7      | Noticed a rust devil
  4830 | D:7      | Killed a kobold demonologist
  4831 | D:7      | Reached skill level 5 in Throwing
  4893 | D:7      | Reached XP level 10. HP: 98/98 MP: 9/9
  5099 | D:7      | Paralysed by a hornet for 3 turns
  5308 | D:7      | Found a shimmering blue altar of Sif Muna.
  5547 | D:7      | Found a staircase to the Ecumenical Temple.
  5799 | D:8      | Found a sparkling altar of Nemelex Xobeh.
  5943 | D:8      | Reached skill level 9 in Maces & Flails
  6295 | D:8      | Found a staircase to the Lair.
  6459 | D:9      | Received a gift from Okawaru
  6526 | D:9      | Found an ornate altar of the Wu Jian Council.
  6526 | D:9      | Found a glowing golden altar of the Shining One.
  6526 | D:9      | Found a white marble altar of Elyvilon.
  6545 | D:9      | Found a hide-covered altar of Uskayaw.
  7058 | D:10     | Entered Level 10 of the Dungeon
  7199 | D:10     | Noticed Snorg
  7210 | D:10     | Killed Snorg
  7211 | D:10     | Reached skill level 10 in Maces & Flails
  7211 | D:10     | Reached XP level 11. HP: 62/109 MP: 10/10
  7388 | D:10     | Received a gift from Okawaru
  7421 | D:10     | Noticed Nergalle
  7575 | D:10     | Killed Nergalle
  7605 | D:10     | Found a staircase to the Orcish Mines.
  7646 | D:10     | Noticed Urug
  7663 | D:10     | Killed Urug
  7732 | D:10     | Found a shadowy altar of Dithmenos.
  7751 | D:10     | Reached skill level 1 in Armour
  7921 | D:10     | Noticed a wizard
  7923 | D:10     | Killed a wizard
  8291 | D:11     | Noticed a white ugly thing
  8348 | D:11     | Reached skill level 11 in Maces & Flails
  8368 | D:11     | Killed a white ugly thing
  8406 | D:11     | Found Zaloytum's Book Emporium.
  8442 | D:11     | Noticed a red ugly thing
  8444 | D:11     | Noticed a red ugly thing
  8460 | D:11     | Killed a cyan ugly thing
  8466 | D:11     | Killed a cyan ugly thing
  8544 | D:11     | Reached skill level 1 in Invocations
  8589 | D:11     | Reached XP level 12. HP: 112/123 MP: 11/11
  8646 | D:11     | Found a frozen archway.
  8664 | IceCv    | Entered an ice cave
  8704 | IceCv    | Noticed a death yak
  8706 | IceCv    | Noticed a death yak
  8715 | IceCv    | Killed a death yak
  8729 | IceCv    | Killed a death yak
  8729 | IceCv    | Identified the +2 robe "Sotsacs" {Drain rF+ SInv} (Okawaru
                  | gifted it to you in an ice cave)
  8729 | IceCv    | Received a gift from Okawaru
  8805 | IceCv    | Reached skill level 12 in Maces & Flails
  8942 | IceCv    | Noticed an ironbound frostheart
  8942 | IceCv    | Noticed an ironbound frostheart
  8991 | IceCv    | Killed an ironbound frostheart
  9026 | IceCv    | Killed an ironbound frostheart
  9027 | IceCv    | Reached skill level 5 in Shields
  9093 | IceCv    | Got the Treatise on Freezing
  9193 | IceCv    | Reached skill level 10 in Fighting
  9221 | IceCv    | Noticed a death yak
  9238 | IceCv    | Killed a death yak
  9935 | D:2      | Bought a +6 ring of strength for 396 gold pieces
  9935 | D:2      | Bought a ring of poison resistance for 220 gold pieces
 10237 | D:11     | Reached skill level 13 in Maces & Flails
 10311 | D:12     | Reached XP level 13. HP: 97/133 MP: 12/12
 10463 | D:12     | Identified the +0 gold dragon scales of Fashionability
                  | {rPois rF+ rC+ rN+ Str+3} (Okawaru gifted it to you on
                  | level 12 of the Dungeon)
 10463 | D:12     | Received a gift from Okawaru
 10569 | D:12     | Noticed an ettin
 10586 | D:12     | Killed an ettin
 10795 | D:12     | Identified the ring "Tesasil" {rElec MP+9 Int+3 Dex-5
                  | Stlth+}
 10951 | D:12     | Identified the +10 rapier "Rustausm" {elec, rF+ Str-3 Dex+6
                  | Stlth+}
 11395 | D:13     | Received a gift from Okawaru
 11436 | D:13     | Found a hide-covered altar of Uskayaw.
 11507 | D:13     | Reached skill level 14 in Maces & Flails
 11541 | D:13     | Found a gate to the Vaults.
 11777 | D:13     | Reached XP level 14. HP: 61/146 MP: 14/14
 12559 | D:14     | Reached skill level 5 in Armour
 12838 | D:14     | Received a gift from Okawaru
 13066 | D:15     | Entered Level 15 of the Dungeon
 13421 | D:15     | Reached skill level 15 in Maces & Flails
 13524 | D:15     | Received a gift from Okawaru
 13541 | D:15     | Found a staircase to the Depths.
 14029 | D:15     | Found Beavyo's Book Shoppe.
 14345 | Lair:1   | Entered Level 1 of the Lair of Beasts
 14502 | Lair:1   | Noticed Sonja
 14525 | Lair:1   | Killed Sonja
 15094 | Lair:1   | Noticed Amaemon
 15104 | Lair:1   | Killed Amaemon
 15905 | Lair:2   | Reached ****** piety under Okawaru
 16057 | Lair:2   | Reached XP level 15. HP: 151/158 MP: 15/15
 16153 | Lair:2   | Received a gift from Okawaru
 16312 | Lair:2   | Found a hole to the Spider Nest.
 16746 | Lair:3   | Noticed Kirke
 16752 | Lair:3   | Killed Kirke
 16899 | Lair:3   | Found a staircase to the Shoals.
 17529 | Lair:3   | Found a blossoming altar of Fedhas.
 17540 | Lair:3   | Received a gift from Okawaru
 17749 | Lair:4   | Identified a scroll of acquirement
 17777 | Lair:4   | Acquired 621 gold pieces
 17964 | Lair:4   | Received a gift from Okawaru
 17965 | Lair:4   | Reached skill level 16 in Maces & Flails
 18466 | Lair:5   | Entered Level 5 of the Lair of Beasts
 18543 | Lair:5   | Identified the +5 mace of the Volcano {freeze, rElec rF+
                  | rCorr} (Okawaru gifted it to you on level 5 of the Lair of
                  | Beasts)
 18543 | Lair:5   | Received a gift from Okawaru
 18665 | Lair:5   | Found a viscous altar of Jiyva.
 18666 | Lair:5   | Found a staircase to the Slime Pits.
 19267 | Lair:5   | Identified the +4 flail of the Usurping Seeker {protect,
                  | Drain rElec rCorr Stlth+} (Okawaru gifted it to you on
                  | level 5 of the Lair of Beasts)
 19267 | Lair:5   | Received a gift from Okawaru
 20053 | Orc:1    | Entered Level 1 of the Orcish Mines
 20139 | Orc:1    | Paralysed by an orc sorcerer for 5 turns
 20148 | Orc:1    | Reached XP level 16. HP: 140/169 MP: 13/16
 20476 | Orc:2    | Entered Level 2 of the Orcish Mines
 20476 | Orc:2    | Found Haathiu's Jewellery Shop.
 20480 | Orc:2    | Found Deol Sax's General Store.
 20771 | Orc:1    | Reached skill level 17 in Maces & Flails
 20842 | Orc:2    | Found Oteobice's Antique Weapon Shop.
 20864 | Orc:2    | Received a gift from Okawaru
 21149 | Orc:2    | Found Yrionnin's Antique Armour Shoppe.
 21335 | Orc:2    | Bought the +5 Storm Queen's Shield {shock, Fly rElec} for
                  | 1504 gold pieces
 21335 | Orc:2    | Found the +5 Storm Queen's Shield {shock, Fly rElec}
 21370 | Orc:2    | Found a staircase to the Elven Halls.
 22195 | Shoals:1 | Entered Level 1 of the Shoals
 22332 | Shoals:1 | Identified the ring "Bogredd" {Fly rPois rC- Int+6}
 22337 | Shoals:1 | Noticed Donald
 22360 | Shoals:1 | Killed Donald
 22674 | Shoals:1 | Found Uniov's Distillery.
 22677 | Shoals:1 | Bought a potion of haste for 190 gold pieces
 22677 | Shoals:1 | Bought a potion of heal wounds for 95 gold pieces
 23068 | Shoals:2 | Received a gift from Okawaru
 23068 | Shoals:2 | Found the +7 sceptre of Torment {pain, torment}
 23585 | Shoals:2 | Found Laoplu's Antique Armour Shop.
 24334 | Shoals:3 | Reached skill level 1 in Necromancy
 24836 | Shoals:4 | Entered Level 4 of the Shoals
 24836 | Shoals:4 | Found a stormy altar of Qazlal.
 24838 | Shoals:4 | Received a gift from Okawaru
 24896 | Shoals:4 | Paralysed by an air elemental for 1 turns
 24902 | Shoals:4 | Paralysed by an air elemental for 1 turns
 25063 | Shoals:4 | Paralysed by an air elemental for 1 turns
 25068 | Shoals:4 | Paralysed by an air elemental for 1 turns
 25074 | Shoals:4 | Paralysed by an air elemental for 1 turns
 25079 | Shoals:4 | Paralysed by an air elemental for 1 turns
 25083 | Shoals:4 | Identified the +2 hat of the Last Beggars {Harm rPois}
                  | (Okawaru gifted it to you on level 4 of the Shoals)
 25083 | Shoals:4 | Received a gift from Okawaru
 25373 | Shoals:4 | Paralysed by an air elemental for 1 turns
 25405 | Shoals:4 | Paralysed by an air elemental for 1 turns
 25437 | Shoals:4 | Paralysed by an air elemental for 1 turns
 25512 | Shoals:4 | Identified the +8 battleaxe of Qaimn {freeze, Int+5}
 25531 | Shoals:4 | Noticed a storm dragon
 25543 | Shoals:4 | Killed a storm dragon
 25585 | Shoals:4 | HP: 6/174 [merfolk/+0 trident (7)]
 25595 | Shoals:4 | Reached XP level 17. HP: 34/182 MP: 17/17
 25919 | Shoals:4 | Got a barnacled rune of Zot
 25962 | Shoals:4 | Paralysed by an air elemental for 1 turns
 26026 | Shoals:4 | Paralysed by an air elemental for 1 turns
 26034 | Shoals:4 | Reached skill level 15 in Fighting
 26152 | Shoals:4 | Received a gift from Okawaru
 26716 | Depths:1 | Entered Level 1 of the Depths
 26725 | Depths:1 | Found a one-way gateway to a ziggurat.
 26773 | Depths:1 | Identified the +1 flail "Acaoth" {spect, rPois rF+ Dex+3}
                  | (Okawaru gifted it to you on level 1 of the Depths)
 26773 | Depths:1 | Received a gift from Okawaru
 26806 | Depths:1 | Found an iron altar of Okawaru.
 26904 | Depths:1 | Found a gateway to Hell.
 27172 | Depths:1 | Received a gift from Okawaru
 27180 | Depths:1 | Slain by an ettin

Illustrated notes

Levels and vault maps discovered:
D:1:      dpeg_arrival_leaves_temple_mockup, layout_basic,
          hellmonk_ecumenical_altar_zigzags
D:2:      layout_rooms, serial_shops, shop, minmay_three_crescents
D:3:      kennysheep_the_goblin_king, layout_basic, ebering_ghost_gozag,
          serial_shops, nicolae_shop_advertising_works
          [nicolae_subvault_shop_adworks], shop_coins, shop,
          nicolae_shop_overgrown_old_shop, uniq_ijyb
D:4:      minmay_skewed_foursquare, layout_cave_pools,
          chequers_temple_overflow_statue_of_worship, gup_sewer_entry_bubbles,
          grunt_decor_cap, uniq_robin, uniq_crazy_yiuf_cottage
D:5:      layout_layer_cave
D:6:      cheibrodos_fzero, layout_rooms, uniq_blork_the_orc, uniq_grinder
D:7:      layout_loops_ring, lemuel_blue_sif_altar, temple_hall, uniq_pikel
D:8:      layout_basic, mainiacjoe_overflow_paths, lair_entry_dummy
D:9:      layout_irregular_city, mainiacjoe_overflow_six_doors_small,
          gammafunk_temple_overflow_forgotten, minmay_circle_x
D:10:     layout_basic, mainiacjoe_overflow_chevrons, orc_0_dummy,
          lightli_fourway_metalbox, uniq_snorg, uniq_urug, uniq_nergalle
D:11:     layout_basic, serial_ice, serial_ice_i, serial_ice_m, serial_ice_d,
          serial_ice_h, portal_ice_cave_rime, serial_shops,
          nicolae_take_the_stairs
D:12:     minmay_the_grid_3x2 [minmay_the_grid_tree, minmay_the_grid_dragon_a,
          minmay_the_grid_eight, minmay_the_grid_tri_star,
          minmay_the_grid_square_x, minmay_the_grid_prize_four_corners],
          layout_rooms, minmay_misc_feat_roman
D:13:     layout_small_grid, erik_vaults_2,
          nicolae_uskayaw_murder_on_the_dancefloor
D:14:     layout_roguey, abandoned_shop
D:15:     gammafunk_depths_entry_grave, layout_loops_ring, serial_shops, shop,
          dreamdust_princess_corridor, st_stairs_11
Lair:1:   layout_loops_ring, uniq_sonja, uniq_amaemon
Lair:2:   layout_loops_ring, nicolae_spider_entry_orb_guardian,
          serial_bayou_shore_a
Lair:3:   layout_roguey, minmay_shoals_entry_hut, hangedman_tree_tricks,
          uniq_kirke
Lair:4:   layout_big_grid, roderic_carrion_pond
Lair:5:   evilmike_catoblepas_cave, layout_gridlike, slime_entry_1
Shoals:1: layout_shoals, serial_shops, nicolae_shop_tiny_real_fake_doors,
          nicolae_shoals_drake_roost, uniq_donald
Shoals:2: layout_shoals, serial_shops, shop, nicolae_shoals_nautilus_by_nature
Shoals:3: layout_shoals, nicolae_shoals_land_atoll,
          nicolae_shoals_water_elemental_grotto
Shoals:4: shoals_end_hellmonk_storm_palace [storm_palace_center_circular,
          storm_palace_corner_grid, storm_palace_corner_grid,
          storm_palace_corner_altar, storm_palace_corner_grid], serial_shops
Orc:1:    layout_caves
Orc:2:    grunt_orc_gardens, layout_diamond_mine, grunt_orc_garden,
          grunt_orc_garden, grunt_orc_garden, grunt_orc_garden,
          nicolae_volcano_entry_two_sided, minmay_orc_barracks
Depths:1: layout_honeycomb, enter_ziggurat_e, pf_coc_iceberg,
          nicolae_eternal_life, kennysheep_path_1, okawaru_ov_weapons_minmay

Skill      XL: |  1  2  3  4  5  6  7  8  9 10 11 12 13 14 15 16 17 |
---------------+----------------------------------------------------+-----
Throwing       | 2 4 5 6 7 |  7.6
Maces & Flails | 3 4 5 6 7 8 10 11 13 14 15 16 17 | 17.6
Dodging        | 3 4 5 6 7 |  7.3
Fighting       | 2 3 4 5 6 7 9 10 11 12 13 14 15 | 15.4
Shields        | 1 2 4 5 6 8 9 |  9.5
Stealth        | 1 |  1.8
Armour         | 2 4 6 7 8 9 |  9.1
Invocations    | 1 2 |  2.4
Necromancy     | 2 4 |  4.6

Action                     |  1- 3 |  4- 6 |  7- 9 | 10-12 | 13-15 | 16-18 || total
---------------------------+-------+-------+-------+-------+-------+-------++-------
  Melee: Flail             |   112 |   147 |    17 |       |       |       ||   276
         Punch             |     1 |     1 |       |       |       |       ||     2
         Morningstar       |       |       |   185 |   674 |   636 |   139 ||  1634
         Giant spiked club |       |       |       |       |   374 |   104 ||   478
         Eveningstar       |       |       |       |       |       |   442 ||   442
  Throw: Large rock        |       |     2 |     4 |     3 |    68 |    54 ||   131
         Boomerang         |       |     5 |    83 |       |       |       ||    88
         Throwing net      |       |       |     3 |     1 |       |       ||     4
         Javelin           |       |       |       |    11 |       |       ||    11
 Invoke: Heroism           |       |     1 |     3 |    15 |    19 |    13 ||    51
  Evoke: Wand              |       |       |       |       |     2 |       ||     2
    Use: Scroll            |       |    11 |     8 |     9 |    13 |     4 ||    45
         Potion            |       |       |       |       |     2 |     7 ||     9
   Stab: Sleeping          |     3 |       |       |       |       |       ||     3
         Held in net/web   |       |       |       |     1 |       |       ||     1
 Armour: Robe              |    56 |    45 |   149 |   101 |       |       ||   351
         Troll leather arm |       |       |       |   245 |       |       ||   245
         Gold dragon scale |       |       |       |       |   625 |   228 ||   853
  Dodge: Dodged            |    67 |    89 |   135 |   318 |   293 |   131 ||  1033
  Block: Orb               |       |     4 |    70 |   171 |   132 |       ||   377
         Reflection        |       |       |     4 |     4 |     9 |    43 ||    60
         Other             |       |       |       |       |    78 |    24 ||   102
         Kite shield       |       |       |       |       |       |   495 ||   495
